 Dungeon Crawl Stone Soup version 0.16-a0-3210-ge5ae1c3 (webtiles) character file.

917 Minkie the Firebug (level 7, -3/46 HPs)
             Began as a Mummy Fire Elementalist on Dec 19, 2014.
             Slain by a troll (6 damage)
             ... on level 6 of the Dungeon.
             The game lasted 00:30:54 (8196 turns).

Minkie the Firebug (Mummy Fire Elementalist)        Turns: 8196, Time: 00:30:54

Health: -3/46      AC:  5    Str: 11    XL:     7   Next: 83%
Magic:  2/12       EV: 12    Int: 16    God:
Gold:   48         SH:  0    Dex: 14    Spells: 2 memorised, 6 levels left

rFire  x . .     SeeInvis .     z - +0 shortbow
rCold  + . .     Clarity  .     a - +0 robe
rNeg   + + +     SustAb   .     (no shield)
rPois  ∞         Gourm    .     (no helmet)
rElec  .         Spirit   .     B - +1 cloak
rCorr  .         Warding  .     (no gloves)
rMut   .         Stasis   .     n - +0 pair of boots
MR     .....                    (no amulet)
Stlth  +++.......               u - ring of stealth
                                y - +2 ring of dexterity

@: not resistant to hostile enchantments, fairly stealthy
A: no food or potions, fire vulnerability, restore body, cold resistance 1,
negative energy resistance 3, poison resistance, torment resistance, unbreathing
a: no special abilities


You were on level 6 of the Dungeon.
You were not hungry.

You visited 2 branches of the dungeon, and saw 7 of its levels.

You collected 191 gold pieces.
You spent 143 gold pieces at shops.

Inventory:

Hand weapons
 v - a +2 flail of crushing
 z - a +0 shortbow (weapon)
Missiles
 d - 53 arrows (quivered)
 h - 30 bolts
 k - 24 arrows of frost
 p - 6 tomahawks
 s - 5 bolts of flame
 t - 5 steel javelins
Armour
 a - a +0 robe (worn)
 n - a +0 pair of boots (worn)
 B - a +1 cloak (worn)
Jewellery
 l - an uncursed ring of flight
 u - a ring of stealth (right hand)
 w - an uncursed ring of teleportation
 y - a +2 ring of dexterity (left hand)
 C - an uncursed ring of wizardry {unknown}
Magical devices
 A - a wand of confusion (32)
Scrolls
 c - 4 scrolls of remove curse
 e - 5 scrolls of identify
 f - 3 scrolls of teleportation
 g - a scroll of fog
 i - 3 scrolls of recharging
 j - 2 scrolls of enchant armour
 m - a scroll of noise
 o - a scroll of fear
 q - a scroll of summoning {unknown}
 r - a scroll of magic mapping
 x - a scroll of enchant weapon
Books
 b - a book of Flames

   Spells                             Type                      Level
   a - Flame Tongue                   Conjuration/Fire             1
   b - Throw Flame                    Conjuration/Fire             2
   c - Conjure Flame                  Conjuration/Fire             3
   d - Inner Flame                    Hexes/Fire                   3
   e - Sticky Flame                   Conjuration/Fire             4
   f - Fireball                       Conjuration/Fire             5


   Skills:
 - Level 1.5 Dodging
 - Level 1.5 Stealth
 - Level 2.0 Spellcasting
 + Level 5.3 Conjurations
 + Level 5.8 Fire Magic


You had 6 spell levels left.
You knew the following spells:

 Your Spells              Type           Power        Failure   Level  Hunger
a - Flame Tongue          Conj/Fire      ###..        1%          1    N/A
b - Conjure Flame         Conj/Fire      ###.....     8%          3    N/A

Dungeon Overview and Level Annotations

Branches:
Dungeon (6/15)             Temple (1/1) D:5

Altars:
Ashenzari
Cheibriados
Elyvilon
Fedhas
Kikubaaqudgha
Makhleb
Okawaru
Qazlal
Ru
Trog
Yredelemnul
Zin

Shops:
D:5 ?


Innate Abilities, Weirdness & Mutations

You do not eat or drink.
Your flesh is vulnerable to fire.
Your flesh is cold resistant.
You are immune to negative energy.
Your system is resistant to poisons.
You are immune to unholy pain and torment.
You can survive without breathing.


Message History

The troll closely misses you.
Firing (i - inventory. (,) - cycle):
d - 55 arrows (quivered)
Press: ? - help, Shift-Dir - straight line, f/p - troll
Aim: a troll (severely wounded)
You shoot an arrow. The arrow hits the troll.
The troll is severely wounded.
The crimson imp shouts, "Slither home, thou dankish flammable lewdster!"
The crimson imp hits you. The troll barely misses you.
The troll claws you but does no damage. The troll misses you.
Firing (i - inventory. (,) - cycle):
d - 54 arrows (quivered)
Press: ? - help, Shift-Dir - straight line, f/p - troll
Aim: a troll (severely wounded)
You shoot an arrow. The arrow hits the troll.
The troll is severely wounded.
The crimson imp closely misses you. The troll bites you!
* * * LOW HITPOINT WARNING * * *
The troll claws you!
* * * LOW HITPOINT WARNING * * *
The troll claws you.
You die...

#.##.. #.##.# #.##.# #.
#.##.# #.#+##### #.##.#
#.......# #.##.#
#.......# #.##.#
#.......#####.#.##.#
#(..(lT@5.#.##.#
#.#########.##.# #.#.###
#.##.# ..
#(#...#####)##.# ....
#.#............#
......#.#.#.......#..#
...........#########..###
.##+#.....T......(#....#
.........#######(#.##.#


You could see a troll, an iguana and a crimson imp.

Vanquished Creatures
  3 ogres
  A giant frog (D:3)
  A centaur (D:5)
  A scorpion (D:3)
  A crimson imp (D:5)
  An orc priest (D:3)
  2 iguanas
  An orc wizard (D:6)
  3 worker ants (D:4)
  A killer bee zombie (D:5)
  A hound skeleton (D:5)
  6 adders
  5 worms
  5 giant geckos
  2 oozes
  13 orcs
  A bat skeleton (D:5)
  5 giant cockroaches
  12 goblins
  18 hobgoblins
  9 jackals
  3 ball pythons
  20 bats
  5 giant newts
  9 kobolds
  6 quokkas
  11 rats
  A ballistomycete (D:6)
147 creatures vanquished.

Vanquished Creatures (others)
  A giant spore (D:6)
1 creature vanquished.

Grand Total: 148 creatures vanquished

Notes
Turn   | Place    | Note
--------------------------------------------------------------
     0 | D:1      | Minkie, the Mummy Fire Elementalist, began the quest for the Orb.
     0 | D:1      | Reached XP level 1. HP: 13/13 MP: 3/3
    50 | D:1      | Reached skill level 1 in Conjurations
   272 | D:1      | Reached XP level 2. HP: 19/19 MP: 1/4
  1069 | D:1      | Reached XP level 3. HP: 24/24 MP: 3/6
  1556 | D:1      | Reached skill level 3 in Fire Magic
  1643 | D:2      | Found a white marble altar of Elyvilon.
  2073 | D:2      | Reached XP level 4. HP: 20/30 MP: 1/7
  3005 | D:3      | Reached XP level 5. HP: 21/35 MP: 3/9
  3143 | D:3      | Noticed a giant frog
  3153 | D:3      | Killed a giant frog
  3153 | D:3      | Reached skill level 4 in Fire Magic
  3826 | D:3      | Learned a level 3 spell: Conjure Flame
  4250 | D:3      | Found a glowing silver altar of Zin.
  4503 | D:3      | Found a blossoming altar of Fedhas.
  4506 | D:3      | Reached XP level 6. HP: 41/41 MP: 6/10
  5798 | D:4      | Noticed an ogre
  5980 | D:4      | Killed an ogre
  6226 | D:5      | Entered Level 5 of the Dungeon
  6226 | D:5      | Found Kidawial's Magic Scroll Boutique.
  6325 | D:5      | Reached skill level 5 in Fire Magic
  6325 | D:5      | Reached XP level 7. HP: 34/46 MP: 12/12
  6417 | D:5      | Bought a scroll of identify for 26 gold pieces
  6417 | D:5      | Bought a scroll of identify for 26 gold pieces
  6417 | D:5      | Bought a scroll of identify for 26 gold pieces
  6417 | D:5      | Bought a scroll of identify for 26 gold pieces
  6417 | D:5      | Bought a scroll of remove curse for 39 gold pieces
  6654 | D:5      | Found a basalt altar of Yredelemnul.
  7046 | D:5      | Found an iron altar of Okawaru.
  7230 | D:5      | Found a staircase to the Ecumenical Temple.
  7236 | Temple   | Entered the Ecumenical Temple
  7354 | D:5      | Reached skill level 5 in Conjurations
  8165 | D:6      | Noticed a troll
  8196 | D:6      | Slain by a troll

Action                   |  1- 3 |  4- 6 |  7- 9 || total
-------------------------+-------+-------+-------++-------
Melee: Dagger            |    45 |    10 |       ||    55
       Short sword       |    13 |       |       ||    13
       Flail             |       |    27 |     6 ||    33
 Fire: Shortbow          |       |       |    90 ||    90
Throw: Javelin           |       |    47 |    14 ||    61
       Tomahawk          |       |    11 |     2 ||    13
 Cast: Flame Tongue      |    84 |   125 |    34 ||   243
       Conjure Flame     |       |     1 |     4 ||     5
  Use: Scroll            |       |       |     9 ||     9
 Stab: Sleeping          |       |     2 |       ||     2
